 Dungeon Crawl Stone Soup version 0.29.1-2-gbd0b4ee654 (webtiles) character file.

Game seed: 8302128653429952412

9300 zeram the Severer (level 11, -2/97 HPs)
             Began as a Hill Orc Fighter on Nov 13, 2022.
             Was an Initiate of Gozag.
             Slain by a killer bee (7 damage)
             ... on level 9 of the Dungeon.
             The game lasted 00:24:26 (12223 turns).

zeram the Severer (Hill Orc Fighter)               Turns: 12223, Time: 00:24:28

Health: -2/97      AC:  9    Str: 24    XL:     11   Next: 44%
Magic:  11/11      EV: 12    Int: 10    God:    Gozag
Gold:   1105       SH: 15    Dex: 10    Spells: 10/10 levels left

rFire   . . .      SeeInvis .   a - +6 war axe
rCold   + . .      Faith    .   x - +0 tower shield
rNeg    . . .      Spirit   .   b - +0 scale mail
rPois   .          Reflect  .   (no helmet)
rElec   .          Harm     .   y - +0 cloak
rCorr   .          Rampage  .   (no gloves)
Will    +....                   (no boots)
Stlth   ..........              (no amulet)
HPRegen 0.26/turn               f - +4 ring of evasion
MPRegen 0.12/turn               k - ring of Emouc {Fly rC+ Will+ Int+2}

@: lethally poisoned (-2 -> -11), flying, slowed, very slow
A: no striking features
a: Renounce Religion, Potion Petition, Call Merchant, Bribe Branch


You were on level 9 of the Dungeon.
You worshipped Gozag.
Gozag was most pleased with you.
You visited 2 branches of the dungeon, and saw 10 of its levels.
You also visited: Sewer.

You collected 1336 gold pieces.
You spent 143 gold pieces at shops.
You paid 88 gold pieces to Gozag.

Inventory:

Hand Weapons
 a - a +6 war axe (weapon)
 e - a +2 dagger of pain
Missiles
 w - a throwing net (quivered)
Armour
 b - a +0 scale mail (worn)
 c - a +0 buckler
 l - a +0 cloak
 x - a +0 tower shield (worn)
 y - a +0 cloak (worn)
Jewellery
 f - a +4 ring of evasion (left hand)
 k - the ring of Emouc (right hand) {Fly rC+ Will+ Int+2}
   (You found it on level 8 of the Dungeon)

   [ring of flight]

   Int:       It affects your intelligence (+2).
   rC:        It protects you from cold.
   Fly:       It grants you flight.
   Will:      It increases your willpower.
 q - a ring of magical power
 v - a ring of ice
 C - an amulet of magic regeneration
Wands
 m - a wand of paralysis (18)
 o - a wand of roots (3)
 r - a wand of polymorph (11)
 z - a wand of flame (5)
Scrolls
 d - a scroll of butterflies
 i - 3 scrolls of vulnerability
 j - a scroll of identify
Potions
 h - 3 potions of resistance
 n - 5 potions of flight
 s - 2 potions of cancellation
 t - 4 potions of lignification
 u - 2 potions of mutation
 A - a potion of magic


   Skills:
 + Level 9.3 Fighting
 + Level 0.3 Short Blades
 + Level 16.9 Axes
 + Level 9.2 Armour
 + Level 4.1 Dodging
 + Level 9.7 Shields
 + Level 1.2 Evocations


You had 10 spell levels left.
You didn't know any spells.
Your spell library contained the following spells:

 Spells                   Type           Power      Damage    Failure   Level
 Call Canine Familiar     Summ           0%         N/A       100%        3
 Portal Projectile        Hex/Tloc       0%         N/A       100%        3
 Leda's Liquefaction      Hex/Erth       0%         N/A       100%        4


Dungeon Overview and Level Annotations

Branches:
Dungeon (9/15)             Temple (1/1) D:7           Sewer (visited)
   Lair: D:8-11         Orc: D:9-12

Altars:
Ashenzari
Cheibriados
Dithmenos
Elyvilon
Fedhas
Gozag
Hepliaklqana
Kikubaaqudgha
Makhleb
Nemelex Xobeh
Okawaru
Qazlal
Ru
Sif Muna
Trog
Uskayaw
Vehumet
Wu Jian
Xom
Yredelemnul
Zin
The Shining One

Shops:
D:2 ?   D:4 [   D:6 !

Annotations:
D:6 Pikel


Message History

The killer bee poisons you! You block the killer bee's attack.
The freezing wraith misses you. The freezing wraith hits you.
You block the centaur warrior's attack.
The centaur warrior kicks you but does no damage.
You block the killer bee's attack. x2; The killer bee barely misses you.
The freezing wraith misses you. The freezing wraith hits you!
You slash the freezing wraith!
The freezing wraith is almost destroyed.
You slash the centaur warrior! You slash the killer bee!
You barely miss the killer bee. x2
You feel very sick. You block the killer bee's attack.
The killer bee completely misses you. The killer bee closely misses you.
The centaur warrior closely misses you. The centaur warrior kicks you.
The killer bee stings you. The killer bee stings you!
The killer bee stings you.
You are more poisoned.
The killer bee poisons you!
The centaur warrior hits you with a staff of death!
You writhe in agony!
* * * LOW HITPOINT WARNING * * *
You block the centaur warrior's attack. You block the freezing wraith's attack.
The freezing wraith hits you!
* * * LOW HITPOINT WARNING * * *
The freezing wraith drains your vigour!
You feel as though you will be slow longer.
You block the killer bee's attack. The killer bee barely misses you.
The killer bee stings you.
* * * LOW HITPOINT WARNING * * *
Okay, then.
Okay, then.
Okay, then.
You feel very sick.
The centaur warrior wields a +0 longbow.
The centaur warrior shoots an arrow.
The arrow hits you!
* * * LOW HITPOINT WARNING * * *
You block the killer bee's attack. x2; The killer bee closely misses you.
The killer bee stings you but does no damage. x2
The killer bee stings you!
You die...
Your body crumbles into a pile of gold. #....#..()#.#$ $$$$$ #....#....#.## $$$$$ #########....# $$$$$ #.#.#...# $$$$$ ####.#.# .. $$$$$

#......# ###
########...c$.####..#
...........yW..#..#..#
............@y?..#.)## $
.............$y..####.#
#.................##...#
#.................###.###
#...........###...#.....#
#...........# #...#.###.#
# #...........# #.#..#.#
#.. $ .. #...........#
#[#.##.## #.###.#
##...........# #.#.# #.#
#.....#


You could see a centaur warrior, a freezing wraith and 3 killer bees.

Vanquished Creatures
  2 centaur warriors (D:9)
  2 two-headed ogres (D:9)
  Maurice (D:8)
  Joseph (D:8)
  Maggie (D:7)
  A kobold demonologist (D:9)
  A hornet (D:8)
  Grinder (D:6)
  A troll (D:9)
  A shadow (D:9)
  2 steam dragons
  2 water moccasins
  2 sky beasts (D:7)
  4 ice beasts
  5 orc warriors
  A black bear (D:5)
  2 centaurs
  A phantom (D:7)
  4 lemures
  6 kobold brigands
  3 bullfrogs
  A gnoll sergeant (D:8)
  3 necrophages
  5 scorpions
  7 wights
  15 killer bees
  2 howler monkeys
  A jelly (D:7)
  4 orc priests
  5 hounds
  A gnoll bouda (D:8)
  9 orc wizards
  11 adders
  12 gnolls
  3 river rats (Sewer)
  A shadow imp (D:4)
  A white imp (D:5)
  2 ufetubi (D:6)
  3 worms
  2 dart slugs
  33 orcs
  3 bats (D:3)
  4 endoplasms
  5 giant cockroaches
  6 goblins
  8 hobgoblins
  24 kobolds
  2 quokkas
  16 ball pythons
  4 frilled lizards
  A jackal zombie (D:3)
  23 rats (Sewer)
261 creatures vanquished.

Vanquished Creatures (others)
  A withered plant (D:3)
1 creature vanquished.

Grand Total: 262 creatures vanquished

Notes
Turn   | Place    | Note
-------+----------+-------------------------------------------
     0 | D:1      | zeram the Hill Orc Fighter began the quest for the Orb.
     0 | D:1      | Reached XP level 1. HP: 19/19 MP: 1/1
    40 | D:1      | You fall into a shaft and drop 1 floor!
   181 | D:2      | Reached skill level 3 in Axes
   181 | D:2      | Reached XP level 2. HP: 9/27 MP: 2/2
   709 | D:2      | Found Byeklilu's Magic Scroll Boutique.
  1129 | D:2      | Reached XP level 3. HP: 33/33 MP: 3/3
  1500 | D:3      | Found a white marble altar of Elyvilon.
  1517 | D:3      | Reached XP level 4. HP: 40/40 MP: 4/4
  1550 | D:3      | Reached skill level 4 in Axes
  2134 | D:4      | Found a bloodstained altar of Trog.
  2235 | D:4      | Found a glowing drain.
  2396 | D:4      | Reached XP level 5. HP: 44/47 MP: 5/5
  2402 | Sewer    | Entered a sewer
  2849 | Sewer    | Reached skill level 5 in Axes
  2849 | Sewer    | Reached skill level 1 in Dodging
  2849 | Sewer    | Reached XP level 6. HP: 28/55 MP: 6/6
  2854 | Sewer    | Reached skill level 5 in Fighting
  3070 | D:4      | Found Diblot's Armour Emporium.
  3580 | D:4      | Reached skill level 6 in Axes
  3586 | D:4      | Reached XP level 7. HP: 60/61 MP: 7/7
  3842 | D:5      | Entered Level 5 of the Dungeon
  4052 | D:5      | Reached skill level 5 in Armour
  4242 | D:5      | Reached skill level 7 in Axes
  4346 | D:5      | Reached skill level 8 in Axes
  4346 | D:5      | Reached XP level 8. HP: 38/69 MP: 8/8
  4903 | D:5      | Found a hazy altar of Hepliaklqana.
  4904 | D:5      | Found a shimmering altar of Xom.
  4905 | D:5      | Noticed a spectral ugly thing
  5072 | D:5      | Found a glowing silver altar of Zin.
  5072 | D:5      | Found a stormy altar of Qazlal.
  5367 | D:6      | Reached skill level 9 in Axes
  5387 | D:6      | Noticed Grinder
  5394 | D:6      | Paralysed by Grinder for 3 turns
  5402 | D:6      | Paralysed by Grinder for 2 turns
  5410 | D:6      | Killed Grinder
  5411 | D:6      | Reached skill level 10 in Axes
  5547 | D:6      | Reached skill level 5 in Shields
  5555 | D:6      | Reached skill level 11 in Axes
  5683 | D:6      | Found Biawui's Distillery.
  5693 | D:6      | Bought a potion of curing for 39 gold pieces
  5693 | D:6      | Bought a potion of berserk rage for 65 gold pieces
  5693 | D:6      | Bought a potion of curing for 39 gold pieces
  6102 | D:7      | Noticed Pikel
  6112 | D:6      | Reached XP level 9. HP: 27/78 MP: 9/9
  6593 | D:6      | Reached skill level 12 in Axes
  6910 | D:7      | HP: 2/78 [something/ball of steam (16)]
  6920 | D:7      | HP: 3/78 [steam dragon (1)]
  7382 | D:7      | Reached skill level 13 in Axes
  7391 | D:7      | Reached skill level 1 in Evocations
  7633 | D:7      | Found a broken altar of Ashenzari.
  7997 | D:7      | Noticed Maggie
  8008 | D:7      | Killed Maggie
  8009 | D:7      | Reached skill level 14 in Axes
  8009 | D:7      | Reached XP level 10. HP: 29/86 MP: 10/10
  8432 | D:7      | Found a staircase to the Ecumenical Temple.
  8503 | Temple   | Entered the Ecumenical Temple
  8637 | Temple   | Became a worshipper of Gozag Ym Sagoz the Greedy
  8767 | D:8      | Noticed Joseph
  8779 | D:8      | Killed Joseph
  8780 | D:8      | Reached skill level 15 in Axes
  8932 | D:8      | Found a hide-covered altar of Uskayaw.
  9105 | D:8      | Identified the ring of Emouc {Fly rC+ Will+ Int+2}
  9731 | D:8      | Noticed Maurice
  9763 | D:8      | Killed Maurice
 10686 | D:8      | Reached skill level 16 in Axes
 10990 | D:9      | Noticed a centaur warrior
 11002 | D:9      | Killed a centaur warrior
 11298 | D:9      | Reached XP level 11. HP: 48/95 MP: 11/11
 11474 | D:9      | Noticed a centaur warrior
 11485 | D:9      | Killed a centaur warrior
 11563 | D:9      | Noticed a two-headed ogre
 11577 | D:9      | Killed a two-headed ogre
 11654 | D:9      | HP: 1/97 [troll (9)]
 11847 | D:9      | Noticed a two-headed ogre
 11865 | D:9      | Killed a two-headed ogre
 11877 | D:9      | Identified the +4 hand axe of Causality {elec, rF+ Dex+4}
 11905 | D:9      | Noticed a cyclops
 12217 | D:9      | Noticed a centaur warrior
 12223 | D:9      | Slain by a killer bee

Illustrated notes

Levels and vault maps discovered:
D:1:      minmay_arrival_diagonal_passages, layout_basic, serial_shops,
          nicolae_lakefront_shop, shop
D:2:      layout_basic, serial_shops, nicolae_shop_window_shopping,
          kennysheep_potato
D:3:      layout_loops_cross, mainiacjoe_overflow_concentric_impassable,
          serial_undead, serial_undead_d, serial_undead_e, serial_undead_f,
          serial_undead_b, serial_undead_a, serial_undead_b, serial_undead_c
D:4:      layout_basic, amcnicky_altar_gilded, serial_shops,
          nicolae_shop_hallway_plus, gup_sewer_entry_glass
D:5:      black_bear_nest_1, layout_loops_ring, regret_index_temple_of_mockery,
          amethyst_overflow_temple_binary, grunt_ministairs_14
D:6:      layout_basic, serial_shops, nicolae_square_shop,
          kennysheep_generic_room_14, uniq_grinder
D:7:      layout_basic, mainiacjoe_overflow_alcove_2,
          minmay_temple_entry_poolview, uniq_pikel, uniq_maggie
D:8:      layout_loops_corners, nicolae_uskayaw_dance_studio, uniq_joseph,
          uniq_maurice
D:9:      minmay_the_grid_square_5x5_4x4 [minmay_the_grid_square_5x5_dogpile,
          minmay_the_grid_square_5x5_bite, minmay_the_grid_square_5x5_shuriken,
          minmay_the_grid_square_5x5_almost_minimal,
          minmay_the_grid_square_5x5_meh,
          minmay_the_grid_square_5x5_prize_itemx,
          minmay_the_grid_square_5x5_prize_pseudospiral,
          minmay_the_grid_square_5x5_fancy_junction,
          minmay_the_grid_square_5x5_three_small,
          minmay_the_grid_square_5x5_prize_gold,
          minmay_the_grid_square_5x5_prize_snowflake,
          minmay_the_grid_square_5x5_minibox,
          minmay_the_grid_square_5x5_inverted_slash,
          minmay_the_grid_square_5x5_intrusive_squares,
          minmay_the_grid_square_5x5_tetrominoes,
          minmay_the_grid_square_5x5_seven], layout_basic, minmay_lindwurm_lava
Temple:   nicolae_temple_superstar

Skill      XL: |  1  2  3  4  5  6  7  8  9 10 11 |
---------------+----------------------------------+-----
Axes           | 3 4 5 6 8 11 14 16 | 16.9
Fighting       | 4 5 6 7 8 9 |  9.3
Shields        | 4 5 6 8 9 |  9.7
Armour         | 4 5 6 7 8 9 |  9.2
Dodging        | 1 2 3 4 |  4.1
Evocations     | 1 |  1.2
Short Blades   | |  0.3

Action                   |  1- 3 |  4- 6 |  7- 9 | 10-12 || total
-------------------------+-------+-------+-------+-------++-------
Melee: War axe           |    75 |   136 |   281 |   375 ||   867
       Dagger            |       |    45 |       |       ||    45
Evoke: Wand              |       |       |     8 |       ||     8
  Use: Scroll            |       |    14 |     9 |     6 ||    29
       Potion            |       |     1 |    12 |     8 ||    21
 Stab: Paralysed         |       |       |     8 |       ||     8
       Confused          |       |       |     1 |       ||     1
       Distracted        |       |       |       |     1 ||     1
Armor: Scale mail        |    22 |    89 |   110 |    83 ||   304
Dodge: Dodged            |    54 |   163 |   156 |   142 ||   515
Block: Buckler           |    18 |    54 |    10 |       ||    82
       Tower shield      |       |       |   157 |   297 ||   454
